 Dungeon Crawl Stone Soup version 0.25.1-1-g288607f5aa (webtiles) character file.

Game seed: 15637644340337121054

372 Elvor the Bolt Thrower (level 6, -2/53 HPs)
             Began as a Minotaur Hunter on July 20, 2020.
             Slain by an orc warrior
             ... wielding the +7 whip of Irritation {elec, rF- Int+7}
              (18 damage)
             ... on level 4 of the Dungeon.
             The game lasted 00:20:37 (2641 turns).

Elvor the Bolt Thrower (Minotaur Hunter)            Turns: 2641, Time: 00:20:37

Health: -2/53      AC: 16    Str: 25    XL:     6   Next: 43%
Magic:  5/5        EV:  8    Int:  8    God:
Gold:   200        SH:  3    Dex: 10    Spells: 4/5 levels left

rFire    . . .     SeeInvis .   b - +0 short sword
rCold    . . .     Gourm    .   D - +0 buckler
rNeg     . . .     Faith    .   C - +4 chain mail
rPois    .         Spirit   .   (helmet restricted)
rElec    .         Reflect  .   B - +0 cloak
rCorr    .         Harm     .   i - +0 pair of gloves
MR       .....                  A - +0 pair of boots
Stlth    ..........             g - amulet of the acrobat
HPRegen  0.17/turn              h - ring of attention (curse)
MPRegen  0.09/turn              u - +6 ring of strength

@: no status effects
A: retaliatory headbutt, horns 2
a: no special abilities


You were on level 4 of the Dungeon.
You were not hungry.

You visited 1 branch of the dungeon, and saw 4 of its levels.

You collected 200 gold pieces.

Inventory:

Hand Weapons
 a - a +1 hand crossbow
 b - a +0 short sword (weapon)
 y - a +2 hunting sling of flaming
Missiles
 d - 33 bolts
 z - 7 boomerangs (quivered)
Armour
 c - a scarf of harm
 i - a +0 pair of gloves (worn)
 A - a +0 pair of boots (worn)
 B - a +0 cloak (worn)
 C - a +4 chain mail (worn)
 D - a +0 buckler (worn)
Jewellery
 g - an amulet of the acrobat (around neck)
 h - a cursed ring of attention (left hand)
 u - a +6 ring of strength (right hand)
 F - an uncursed amulet of magic regeneration
Wands
 w - a wand of flame (29)
Scrolls
 e - 2 scrolls of identify {unknown}
 j - 2 scrolls of remove curse {unknown}
 n - 3 scrolls of magic mapping {unknown}
 p - a scroll of teleportation {unknown}
 q - a scroll of random uselessness {unknown}
 r - a scroll of enchant weapon {unknown}
 s - a scroll of noise {unknown}
 t - 2 scrolls of amnesia {unknown}
Potions
 k - 2 potions of degeneration {unknown}
 l - 2 potions of stabbing {unknown}
 m - 2 potions of brilliance {unknown}
 o - 3 potions of flight {unknown}
 v - 2 potions of haste {unknown}
 E - a potion of magic {unknown}
Comestibles
 f - 8 rations
 x - a chunk of flesh


   Skills:
 * Level 4.6 Fighting
 + Level 0.3 Short Blades
 + Level 6.9 Crossbows
 + Level 3.1 Armour
 + Level 2.4 Dodging
 + Level 0.7 Stealth


You had 4 spell levels left.
You knew the following spells:

 Your Spells              Type           Power        Failure   Level  Hunger
a - Apportation           Tloc           #.....       99%         1    ##.....

Your spell library contained the following spells:

 Spells                   Type           Power        Failure   Level  Hunger
 Animate Skeleton         Necr           N/A          99%         1    ##.....
 Corona                   Hex            #......      99%         1    ##.....
 Summon Small Mammal      Summ           #...         99%         1    ##.....


Dungeon Overview and Level Annotations

Branches:
Dungeon (4/15)
 Temple: D:4-7

Altars:
Nemelex Xobeh
Yredelemnul


Innate Abilities, Weirdness & Mutations

You reflexively headbutt those who attack you in melee.
You have a pair of horns on your head.


Message History

The orc warrior is lightly wounded.
The orc warrior hits you but does no damage.
You closely miss the orc warrior. Your headbutt misses the orc warrior.
The orc warrior is lightly wounded.
The orc warrior barely misses you. You furiously retaliate!
You headbutt the orc warrior, but do no damage.
You closely miss the orc warrior. Your headbutt misses the orc warrior.
The orc warrior is lightly wounded.
An orc wizard comes into view. It is wielding a +0 dagger.
The orc warrior hits you with the +7 whip of Irritation {elec, rF- Int+7}!
You are electrocuted!
The orc wizard shouts!
The orc wizard gestures wildly while chanting.
The orc wizard flickers and vanishes!
Deactivating autopickup; reactivate with Ctrl-A.
You hit the orc warrior but do no damage.
The orc warrior is lightly wounded.
The orc warrior hits you with the +7 whip of Irritation {elec, rF- Int+7}!
You are electrocuted!!
You die...

......# #.#
...#### #.#
...### #.####
........#....#
.............#
.....#..####.#
#....... #.#####
....... #.....# .
..... #####@# .
.#.#.#.#######o##
.
..#($({..oo.o..#
. (....##########
(## # . #


You could see an orc warrior and an orc.

Vanquished Creatures
  A phantom (D:4)
  A scorpion (D:4)
  3 hounds (D:4)
  3 worker ants (D:4)
  3 adders (D:4)
  A howler monkey skeleton (D:4)
  2 worms (D:2)
  3 bats
  4 giant cockroaches
  2 goblins (D:1)
  4 hobgoblins
  2 jackals (D:1)
  8 kobolds
  2 quokkas
  2 frilled lizards (D:1)
  A jackal skeleton (D:4)
  4 rats
46 creatures vanquished.

Notes
Turn   | Place    | Note
-------+----------+-------------------------------------------
     0 | D:1      | Elvor the Minotaur Hunter began the quest for the Orb.
     0 | D:1      | Reached XP level 1. HP: 18/18 MP: 0/0
   178 | D:1      | Reached XP level 2. HP: 25/25 MP: 1/1
   326 | D:1      | Reached skill level 5 in Crossbows
   938 | D:2      | Reached XP level 3. HP: 31/31 MP: 2/2
  1573 | D:3      | Found a basalt altar of Yredelemnul.
  2071 | D:4      | Reached skill level 1 in Armour
  2090 | D:4      | Reached XP level 4. HP: 38/38 MP: 3/3
  2097 | D:4      | Found a sparkling altar of Nemelex Xobeh.
  2109 | D:4      | Reached skill level 6 in Crossbows
  2129 | D:4      | Reached XP level 5. HP: 44/45 MP: 4/4
  2130 | D:4      | Noticed a phantom
  2156 | D:4      | Killed a phantom
  2156 | D:4      | Reached XP level 6. HP: 52/52 MP: 5/5
  2610 | D:4      | Learned a level 1 spell: Apportation
  2625 | D:4      | Noticed an orc warrior
  2626 | D:4      | Identified the +7 whip of Irritation {elec, rF- Int+7}
  2641 | D:4      | Slain by an orc warrior

Illustrated notes

Levels and vault maps discovered:
D:1:      lightli_arrival_maybe_door_vault, layout_loops_ring
D:2:      layout_loops_ring
D:3:      layout_loops_ring, nicolae_overflow_hidden_temple
D:4:      layout_basic, overflow_temple_1_default

Skill      XL: |  1  2  3  4  5  6 |
---------------+-------------------+-----
Crossbows      | 5 6 |  6.9
Fighting       | 3 4 |  4.6
Armour         | 1 2 3 |  3.1
Short Blades   | |  0.3
Dodging        | |  2.4
Stealth        | |  0.7

Action                   |  1- 3 |  4- 6 || total
-------------------------+-------+-------++-------
Melee: Short sword       |     8 |    31 ||    39
       Headbutt          |     2 |     3 ||     5
 Fire: Hand crossbow     |    72 |    49 ||   121
  Eat: Chunk             |     3 |     2 ||     5
Armor: Leather armour    |     3 |       ||     3
       Chain mail        |     1 |    33 ||    34
Dodge: Dodged            |    18 |    27 ||    45
